 Dungeon Crawl Stone Soup version 0.23.2-40-g277498a001 (webtiles) character file.

Game seed: 9176018288741164285

279 Exodus22XD the Conjurer (level 6, -8/34 HPs)
             Began as a Deep Elf Wizard on Sept 19, 2019.
             Mangled by an ogre
             ... wielding a +0 giant club
              (32 damage)
             ... on level 4 of the Dungeon.
             The game lasted 00:08:53 (3135 turns).

Exodus22XD the Conjurer (Deep Elf Wizard)           Turns: 3135, Time: 00:08:53

Health: -8/34      AC:  2    Str:  4    XL:     6   Next: 5%
Magic:  4/14       EV: 18    Int: 25    God:
Gold:   159        SH:  0    Dex: 13    Spells: 2/13 levels left

rFire    . . .     SeeInvis .   t - +1 falchion (elec)
rCold    . . .     Gourm    .   (no shield)
rNeg     . . .     Faith    .   a - +0 robe
rPois    .         Spirit   .   b - +0 hat
rElec    .         Reflect  .   (no cloak)
rCorr    .         Harm     +   (no gloves)
MR       .....                  (no boots)
Stlth    ++........             e - amulet of harm
HPRegen  0.11/turn              q - +5 ring of evasion
MPRegen  0.14/turn              (no ring)

@: no status effects
A: no striking features
a: no special abilities


You were on level 4 of the Dungeon.
You were near starving.

You visited 1 branch of the dungeon, and saw 4 of its levels.

You collected 159 gold pieces.

Inventory:

Hand Weapons
 t - a +1 falchion of electrocution (weapon)
Armour
 a - a +0 robe (worn)
 b - a +0 hat (worn)
Jewellery
 e - an amulet of harm (around neck)
 q - a +5 ring of evasion (left hand)
Wands
 n - a wand of enslavement (7)
 p - a wand of paralysis (9)
Scrolls
 g - 6 scrolls of identify {unknown}
 j - 2 scrolls of teleportation {unknown}
 l - a scroll of random uselessness {unknown}
 o - a scroll of immolation {unknown}
 r - a scroll of fog {unknown}
 u - 3 scrolls of fear {unknown}
 v - a scroll of magic mapping {unknown}
Potions
 c - a potion of curing {unknown}
 f - a potion of haste
 h - a potion of lignification {unknown}
 i - a potion of degeneration {unknown}
 k - a potion of flight {unknown}
 m - a potion of mutation {unknown}
 s - 2 potions of ambrosia {unknown}
 w - a potion of heal wounds {unknown}
Comestibles
 d - 6 rations


   Skills:
 + Level 1.0 Fighting
 - Level 2.4 Dodging
 - Level 2.4 Stealth
 - Level 4.4 Spellcasting
 - Level 4.5 Conjurations
 - Level 4.4 Summonings
 - Level 1.1 Translocations
 * Level 1.0 Fire Magic


You had 2 spell levels left.
You knew the following spells:

 Your Spells              Type           Power        Failure   Level  Hunger
a - Magic Dart            Conj           ####         1%          1    None
b - Call Imp              Summ           ####....     2%          2    None
c - Blink                 Tloc           N/A          9%          2    None
d - Conjure Flame         Conj/Fire      ###.....     9%          3    ##.....
e - Mephitic Cloud        Conj/Pois/Air  ##......     14%         3    ##.....

Your spell library contained the following spells:

 Spells                   Type           Power        Failure   Level  Hunger
 Slow                     Hex            #.......     13%         2    None


Dungeon Overview and Level Annotations

Branches:
Dungeon (4/15)
 Temple: D:4-7

Altars:
The Shining One

Annotations:
D:3 3 runed translucent doors, Kikorro's ghost, amateur MiFi


Message History

Your Fire Magic skill increases to level 1!
You have reached level 6!
Your experience leads to an increase in your attributes!
Increase (S)trength, (I)ntelligence, or (D)exterity?
You feel clever.
The ogre cries.
The ogre gestures wildly.
You hit the ogre. Lightning courses through the ogre!
The ogre is heavily wounded.
The ogre completely misses you.
You strike the helpless ogre from behind!
You hit the ogre.
The ogre is severely wounded.
The ogre seems less confused.
The ogre hits you with a +0 giant club!
There is a stone staircase leading up here.
You barely miss the ogre.
The ogre is heavily wounded.
The ogre hits you with a +0 giant club!!
Ouch! That really hurt!
You die...

###...# #.<.......
###...### #.........
#...### ###<........
####.### #...).......
###....# #.>.........
#....### #......#....
#..#..## #......#.##.
##.....#######......#..#.
##....O@....#......##...
#...............(......
#..........#.......#...
#.....................P
#[..............[......
#####.####...#....#..♣.
#.##.......#..#.♣.P
#.#.........[..♣...
#.#..#.####..##...♣


You could see an ogre.

Vanquished Creatures
  A scorpion (D:4)
  2 hounds (D:4)
  An orc wizard (D:4)
  6 adders
  An ooze (D:2)
  A worm (D:1)
  6 leopard geckos
  6 orcs
  2 ball pythons (D:3)
  A giant cockroach (D:2)
  12 goblins
  12 hobgoblins
  5 jackals
  2 quokkas
  5 bats
  3 frilled lizards (D:1)
  4 kobolds
  7 rats
77 creatures vanquished.

Notes
Turn   | Place    | Note
-------+----------+-------------------------------------------
     0 | D:1      | Exodus22XD the Deep Elf Wizard began the quest for the Orb.
     0 | D:1      | Reached XP level 1. HP: 10/10 MP: 7/7
    52 | D:1      | Reached XP level 2. HP: 15/15 MP: 0/9
   603 | D:1      | Reached XP level 3. HP: 19/19 MP: 8/10
  1283 | D:2      | Reached XP level 4. HP: 24/24 MP: 3/12
  1421 | D:2      | Learned a level 2 spell: Call Imp
  1424 | D:2      | Learned a level 2 spell: Blink
  1428 | D:2      | Learned a level 3 spell: Conjure Flame
  1432 | D:2      | Learned a level 3 spell: Mephitic Cloud
  1944 | D:3      | Found a runed translucent gate.
  2120 | D:3      | Found a runed translucent gate.
  2206 | D:3      | Found a runed translucent gate.
  2250 | D:3      | Found a glowing golden altar of the Shining One.
  2461 | D:3      | Noticed Kikorro's ghost (amateur MiFi)
  2490 | D:4      | Reached XP level 5. HP: 28/28 MP: 9/13
  2757 | D:4      | Noticed an ogre
  2770 | D:4      | HP: 1/28 [ogre/+0 giant club (14)]
  3108 | D:4      | Reached skill level 1 in Fighting
  3108 | D:4      | Reached skill level 1 in Fire Magic
  3108 | D:4      | Reached XP level 6. HP: 34/34 MP: 0/14
  3135 | D:4      | Mangled by an ogre

Skill      XL: |  1  2  3  4  5 |
---------------+----------------+-----
Conjurations   | 2 3 4 |  4.5
Summonings     | 2 4 |  4.4
Fighting       | 1 |  1.0
Fire Magic     | 1 |  1.0
Dodging        | |  2.4
Stealth        | |  2.4
Spellcasting   | |  4.4
Translocations | |  1.1

Action                   |  1- 3 |  4- 6 || total
-------------------------+-------+-------++-------
Melee: Falchion          |       |     7 ||     7
 Cast: Magic Dart        |    82 |   104 ||   186
       Mephitic Cloud    |       |     3 ||     3
       Conjure Flame     |       |     2 ||     2
       Blink             |       |     1 ||     1
 Stab: Confused          |       |     1 ||     1
  Eat: Chunk             |     1 |     4 ||     5
Armor: Robe              |     1 |     1 ||     2
Dodge: Dodged            |     6 |    11 ||    17
       Rpst.: Falchion   |       |     1 ||     1
